 Dungeon Crawl Stone Soup version 0.32-a0-361-g289a535e89 (webtiles) character file.

Game seed: 15391148060210820205

184971 Xavori the Peltast (level 19, -8/139 HPs)
             Began as a Djinni Chaos Knight on Feb 18, 2024.
             Was a Plaything of Xom.
             Blown up by an orb spider (58 damage)
             ... with an orb of destruction
             ... on level 4 of the Spider Nest.
             The game lasted 00:46:06 (30714 turns).

Xavori the Peltast (Djinni Chaos Knight)           Turns: 30714, Time: 00:46:06

Health: -8/139     AC: 11    Str: 15    XL:     19   Next: 12%
Gold:   3647       EV: 28    Int: 18    God:    Xom [.*....] SH: 12 Dex: 31

rFire   + + .        n - +2 double sword (heavy)
rCold   x . .        o - +2 buckler "Damnable Contraption" {Int+2 Slay+3}
rNeg    . . .        b - +2 leather armour
rPois   ∞            y - +2 hat
rElec   .            Q - +1 cloak {Will+}
rCorr   .            m - +0 pair of fencer's gloves {Riposte Dex+3}
SInv    +            (boots unavailable)
Will    ++...        e - amulet of regeneration
Stlth   +++          Z - ring of Cumanuet {AC+4 Str+6 Int+3 Stlth+}
HPRegen 1.23/turn    s - ring of see invisible
MPRegen 0.00/turn

%: clarity, infuse magic (-9 HP)
@: mighty, corroded, flying, studying 2 skills
A: sickness immunity, fire resistance 2, cold vulnerability 1, float, innate
caster, HP casting, extra vitality 1, antennae 2, claws 1, iridescent scales 2,
agile 2, clarity, MP-powered wands
a: Renounce Religion


You were on level 4 of the Spider Nest.
You worshipped Xom.
You were a plaything of Xom.
You visited 4 branches of the dungeon, and saw 26 of its levels.
You also visited: Gauntlet and Ice Cave.

You collected 3759 gold pieces.
You spent 112 gold pieces at shops.

Inventory:

Hand Weapons
 n - a +2 heavy double sword (weapon)
Armour
 a - the +0 helmet of Insurance {^Contam rC+ Int+3 Stlth+}
   (You found it on level 15 of the Dungeon)

   Int+3:     It affects your intelligence (+3).
   rC+:       It protects you from cold.
   ^Contam:   It causes magical contamination when unequipped.
   Stlth+:    It makes you more stealthy.
 b - a +2 leather armour (worn)
 m - the +0 pair of fencer's gloves (worn) {Riposte Dex+3}
   (You acquired it on level 2 of the Dungeon)

   Riposte:   It allows the wearer to riposte with melee weapons, swiftly
   retaliating against missed or blocked melee attacks.
   Dex+3:     It affects your dexterity (+3).
 o - the +2 buckler "Damnable Contraption" (worn) {Int+2 Slay+3}
   (You acquired it on level 2 of the Dungeon)

   Int+2:     It affects your intelligence (+2).
   Slay+3:    It affects your accuracy & damage with ranged weapons and melee
   (+3).
 y - a +2 hat (worn)
 Q - a +1 cloak of willpower (worn)
 U - a +1 tower shield of cold resistance
Jewellery
 e - an amulet of regeneration (around neck)
 f - a +5 ring of evasion
 p - the ring of Cynicism {Fly rPois rCorr}
   (You took it off a deep elf annihilator on level 15 of the Dungeon)

   [ring of flight]

   rPois:     It protects you from poison Fly: It grants you flight.
   rCorr:     It protects you from acid and corrosion.
 q - a ring of protection from cold
 r - a ring of ice
 s - a ring of see invisible (right hand)
 J - the ring "Bymmil" {rN+++ MP+9}
   (You found it on level 3 of the Lair of Beasts)

   [ring of magical power]

   rN+++:     It renders you almost immune to negative energy.
   MP+9:      It affects your magic capacity (+9).
 V - a ring of wizardry
 Z - the ring of Cumanuet (left hand) {AC+4 Str+6 Int+3 Stlth+}
   (You found it on level 1 of the Lair of Beasts)

   [ring of protection]

   AC+4:      It affects your AC (+4).
   Str+6:     It affects your strength (+6).
   Int+3:     It affects your intelligence (+3).
   Stlth+:    It makes you more stealthy.
Wands
 h - a wand of flame (74)
 i - a wand of acid (9)
 k - a wand of charming (43)
 P - a wand of polymorph (4)
 W - a wand of roots (10)
 X - a wand of mindburst (8)
Scrolls
 c - a scroll of butterflies
 d - 3 scrolls of teleportation
 j - a scroll of revelation
 u - 2 scrolls of fear
 F - 2 scrolls of enchant armour
 I - 2 scrolls of fog
 K - 3 scrolls of immolation
 L - 2 scrolls of poison
 O - 2 scrolls of torment
 S - 4 scrolls of blinking
Potions
 g - 8 potions of enlightenment
 l - 15 potions of curing
 t - 5 potions of might
 v - 4 potions of ambrosia
 x - a potion of mutation
 z - 3 potions of lignification {unknown}
 A - 2 potions of resistance
 B - 2 potions of berserk rage
 C - 2 potions of degeneration {unknown}
 D - 2 potions of cancellation
 E - 5 potions of heal wounds
 G - 3 potions of haste {unknown}
 H - 4 potions of attraction {unknown}
 N - 5 potions of brilliance {unknown}
Miscellaneous
 w - a sack of spiders
 M - a phantom mirror
 R - a tin of tremorstones (1/2)


   Skills:
 + Level 13.5 Fighting
 + Level 12.4 Long Blades
 - Level 5.0 Armour
 + Level 14.4 Dodging
 + Level 15.1 Shields
 * Level 15.1 Spellcasting
 * Level 15.1 Conjurations
 * Level 15.1 Hexes
 * Level 15.1 Summonings
 * Level 15.1 Necromancy
 * Level 15.1 Translocations
 * Level 15.1 Fire Magic
 * Level 15.1 Ice Magic
 * Level 15.1 Air Magic
 * Level 15.1 Earth Magic
 * Level 15.1 Alchemy
 - Level 7.0 Evocations


You knew the following spells:

 Your Spells              Type           Power      Damage    Failure   Level
a - Shock                 Conj/Air       100%       1d9       0%          1
b - Jinxbite              Hex            100%       N/A       1%          2
c - Momentum Strike       Conj/Tloc      100%       3d10      1%          2
d - Dispel Undead         Necr           61%        3d21      1%          4
e - Arcjolt               Conj/Air       30%        1d40      1%          5
f - Alistair's Intoxicat  Alch           40%        N/A       1%          5
g - Plasma Beam           Fire/Air       30%        2x1d43    1%          6
h - Spellforged Servitor  Conj/Summ      30%        N/A       12%         7
i - Eringya's Noxious Bo  Alch           30%        4d6       1%          6
Your spell library was empty.

Dungeon Overview and Level Annotations

Branches:
Dungeon (15/15)            Temple (0/1) D:4            Lair (5/5) D:8
 Shoals (0/4) Lair:3       Spider (4/4) Lair:2        Slime (0/5) Lair:5
    Orc (2/2) D:11            Elf (0/3) Orc:2        Vaults (0/5) D:13
 Depths (0/4) D:15          IceCv (visited)         Gauntlet (visited)

Altars:
Ashenzari
Fedhas
Hepliaklqana
Ru
Xom
Yredelemnul
Beogh

Shops:
D:3 =   Orc:2 *==(

Portals:
Abyss: Orc:1

Annotations:
D:6 1 runed translucent door, Bravepunisher's ghost, weakling SpMo
D:14 3 runed translucent doors, Ywummuh's ghost, journeyman HOFi
Lair:3 exclusion: 3 oklob plants
Lair:4 exclusion: oklob plant
Orc:1 2 transporters, boberto's ghost, journeyman MDFi


Innate Abilities, Weirdness & Mutations

You are immune to sickness and miasma.
You are immune to poison.
Your flesh is very heat resistant. (rF++)
You are vulnerable to cold. (rC-)
You float through the air rather than walking.
You learn spells naturally, not from books.
Your magical power is your life essence.
You have superior vitality. (+4 MHP)
You have a pair of antennae on your head.
You have sharp fingernails.
You are mostly covered in iridescent scales. (AC +4)
You are very agile. (Dex +8, Str/Int -2)
You possess an exceptional clarity of mind.
You expend health (3 HP) to strengthen your wands.


Message History

Xom makes a sudden noise!
You hear a hideous screaming!
You hear a skittering sound.
The ghost moth stares at you.
The wavering orb of destruction hits your iron imp!!!
Your iron imp is blown up!
Your iron imp disappears in a puff of smoke!
Aiming: Fastroot
Press: ? - help, Shift-Dir - straight line You feel a surge of power!
The roots erupt in riotous growth!
Roots grab the ghost moth.
Roots grab the orb spider. x2
The grasping roots constrict the orb spider.
The grasping roots constrict the orb spider!
The grasping roots constrict the ghost moth!
The ghost moth struggles to escape constriction.
The orb spider struggles to escape constriction.
The orb spider weaves a glowing orb of energy.
The redback completely misses you.
An orb of destruction comes into view.
Unknown command.
Unknown command.
Unknown command.
The grasping roots constrict the orb spider.
The grasping roots constrict the orb spider!
The grasping roots constrict the ghost moth.
The ghost moth stares at you.
The ghost moth struggles to escape constriction.
The redback bites you but does no damage.
The orb spider struggles to escape constriction.
Unknown command.
You open the redback like a pillowcase!!!
You kill the redback!
The grasping roots constrict the orb spider! x2
The grasping roots constrict the ghost moth!
The roots release their grip on the orb spider.
The roots release their grip on the ghost moth.
The ghost moth stares at you.
The orb spider struggles to escape constriction.
The orb of destruction hits you!!!
You die...
Xom bursts into laughter!

#~.!†#~..ss....
#$.†##.s#s##.#
##~†.####.~ #
#s.^## .~
##§○.## ..~
##y.s## #~§○§.#
#.○.#...# #@~##
# #### ##^.#
##.^..##
##......#
......... .....
... ......#..
.......#B†


You could see a ghost moth (invisible) and 2 orb spiders.

Vanquished Creatures
  Rupert (Lair:4)
  A sphinx (D:15)
  Gastronok (Lair:1)
  3 frost giants (D:15)
  3 ghost moths
  3 emperor scorpions (Spider:4)
  A very ugly thing (D:15)
  A broodmother (Spider:4)
  A deep elf annihilator (D:15)
  A minotaur (Gauntlet)
  A dire elephant (Lair:5)
  A spark wasp (Spider:1)
  The ghost of cordlesssteve the Cleaver, a journeyman MiBe of Trog (Lair:2)
  Snorg (Orc:1)
  A blizzard demon (Gauntlet)
  A fire dragon (Spider:3)
  Josephine (Lair:4)
  4 entropy weavers
  A yaktaur captain (D:15)
  A great orb of eyes (D:15)
  Fannar (Lair:1)
  A vault guard (D:13)
  A rakshasa (D:15)
  2 catoblepae
  6 ogre magi
  9 hydras
  2 death knights
  9 centaur warriors
  13 two-headed ogres
  A dancing weapon (D:13)
  12 boulder beetles
  4 radroaches
  3 tengu warriors (D:15)
  11 death yaks
  Urug (Lair:3)
  4 demonic crawlers
  A deep elf knight (D:15)
  Lodul (D:10)
  A skeletal warrior (D:15)
  3 skysharks
  A flayed ghost (D:15)
  6 pharaoh ants
  A goliath frog (Lair:5)
  3 sun moths
  An orb spider (Spider:1)
  A deep elf archer (D:15)
  An orc knight (Orc:2)
  A phantasmal warrior (D:15)
  8 steelbarb worms
  2 oklob plants
  A lindwurm (Lair:5)
  21 wolf spiders
  12 ugly things
  5 deep elf pyromancers
  An orc sorcerer (Orc:2)
  11 cyclopes
  2 manticores (D:15)
  24 elephants
  4 moths of wrath
  3 ice statues (IceCv)
  A centaur zombie (D:14)
  2 black mambas
  5 torpor snails
  19 cane toads
  A gargoyle (D:13)
  A black mamba (shapeshifter) (D:15)
  2 unseen horrors
  3 kobold demonologists (D:11)
  4 rime drakes
  A komodo dragon (shapeshifter) (D:15)
  2 ice devils (Gauntlet)
  2 freezing wraiths
  A tengu conjurer (D:15)
  5 efreet
  12 komodo dragons
  A troll (shapeshifter) (D:14)
  2 yaktaurs (D:15)
  A merfolk (D:10)
  A polar bear (shapeshifter) (D:15)
  3 tyrant leeches
  3 trolls
  17 tarantellas
  2 polar bears
  9 hornets
  12 blink frogs
  7 dream sheep
  A meliai zombie (D:14)
  29 jumping spiders
  14 slime creatures
  15 culicivoras
  A jumping spider (shapeshifter) (D:15)
  4 wraiths (Lair:4)
  A vampire (D:12)
  4 wyverns
  3 shadows
  5 basilisks
  80 yaks
  A steam dragon (D:6)
  6 humans (Lair:4)
  A warg (Orc:2)
  63 redbacks
  A death yak simulacrum (IceCv)
  8 vampire mosquitoes
  3 hydra simulacra (IceCv)
  12 water moccasins
  A naga (shapeshifter) (D:15)
  17 orc warriors
  A black bear (Spider:2)
  A sky beast (D:8)
  7 laughing skulls (D:15)
  4 ice beasts
  2 swamp drakes (Lair:3)
  4 centaurs
  8 boggarts (D:14)
  24 wolves
  32 ogres
  A tengu (shapeshifter) (D:15)
  2 kobold brigands
  13 bullfrogs
  8 scorpions
  8 wights
  An elephant simulacrum (IceCv)
  16 killer bees
  5 howler monkeys
  2 bombardier beetles
  4 hounds
  11 orc priests
  5 jellies
  2 gnoll boudas
  A hound (shapeshifter) (D:6)
  3 sleepcaps
  4 iguanas
  Natasha (thrice) (D:2)
  16 orc wizards
  2 polar bear simulacra (IceCv)
  A wolf simulacrum (IceCv)
  A boggart simulacrum (D:15)
  10 gnolls
  6 adders
  2 shadow imps (D:6)
  15 white imps
  2 ufetubi (D:6)
  A dart slug (D:4)
  A ribbon worm (D:3)
  78 orcs
  5 ball pythons
  7 endoplasms
  7 giant cockroaches
  3 goblins
  8 hobgoblins
  8 jackals
  13 kobolds
  4 quokkas
  9 bats
  6 frilled lizards
  2 rats
992 creatures vanquished.

Vanquished Creatures (collateral kills)
  A two-headed ogre (Orc:2)
  A cane toad (Lair:5)
  A wraith (Lair:4)
  An orc warrior (D:4)
  An orc priest (D:4)
  An iguana (D:4)
  3 orcs (D:4)
9 creatures vanquished.

Vanquished Creatures (others)
  A tengu conjurer (D:15)
  A slime creature (D:15)
  A centaur simulacrum (D:15)
  A shadow imp (D:6)
  An orc (Orc:2)
5 creatures vanquished.

Grand Total: 1006 creatures vanquished

Notes
Turn   | Place    | Note
-------+----------+-------------------------------------------
     0 | D:1      | Xavori the Djinni Chaos Knight began the quest for the Orb.
     0 | D:1      | Reached XP level 1. HP: 20/20 MP: 0/0
    89 | D:1      | Reached XP level 2. HP: 24/25 MP: 0/0
   138 | D:1      | XOM: divination: detect items
   231 | D:1      | Reached XP level 3. HP: 24/30 MP: 0/0
   231 | D:1      | Learned a level 1 spell: Shock
   236 | D:1      | Reached skill level 1 in Spellcasting
   236 | D:1      | Reached skill level 1 in Conjurations
   236 | D:1      | Reached skill level 1 in Hexes
   236 | D:1      | Reached skill level 1 in Summonings
   236 | D:1      | Reached skill level 1 in Necromancy
   236 | D:1      | Reached skill level 1 in Translocations
   236 | D:1      | Reached skill level 1 in Fire Magic
   236 | D:1      | Reached skill level 1 in Ice Magic
   236 | D:1      | Reached skill level 1 in Air Magic
   236 | D:1      | Reached skill level 1 in Earth Magic
   236 | D:1      | Reached skill level 1 in Alchemy
   403 | D:1      | XOM: divination: magic mapping
   564 | D:1      | XOM: silly message
   658 | D:1      | XOM: divination: detect creatures
   945 | D:1      | XOM: scenery: summon butterflies
  1153 | D:1      | XOM: scenery: create altars
  1438 | D:1      | XOM: cloud trail
  1874 | D:1      | XOM: god gift: ring mail {god gift}
  3996 | D:1      | XOM is BORED!
  3996 | D:1      | XOM: stat loss: -1 Str (10/11)
  4431 | D:1      | XOM is BORED!
  4431 | D:1      | XOM: noise
  4503 | D:1      | XOM: cloud trail
  5229 | D:1      | XOM: cloud trail
  5388 | D:1      | XOM: scenery: summon butterflies
  5410 | D:1      | XOM: give mutations
  5410 | D:1      | Gained mutation: You are somewhat resistant to further
                  | mutation. [Xom's grace]
  5410 | D:1      | Gained mutation: You are somewhat resistant to both further
                  | mutation and mutation removal. [Xom's grace]
  5410 | D:1      | Gained mutation: Your mind is acute. (Int +4, Str/Dex -1)
                  | [Xom's grace]
  5410 | D:1      | Gained mutation: You have a pair of small antennae on your
                  | head. [Xom's grace]
  6033 | D:1      | XOM: god gift: wand of acid (7)
  6188 | D:1      | XOM is BORED!
  6188 | D:1      | XOM: noise
  6720 | D:1      | XOM: scenery: summon butterflies
  6881 | D:1      | XOM: divination: detect items
  6947 | D:1      | XOM is BORED!
  6947 | D:1      | XOM: give mutations
  6947 | D:1      | Lost mutation: You are somewhat resistant to both further
                  | mutation and mutation removal. [Xom's mischief]
  6947 | D:1      | Lost mutation: Your mind is acute. (Int +4, Str/Dex -1)
                  | [Xom's mischief]
  6947 | D:1      | Lost mutation: You are somewhat resistant to further
                  | mutation. [Xom's mischief]
  7524 | D:1      | XOM: noise
  7860 | D:1      | XOM: divination: detect items
  8208 | D:1      | XOM: give mutations
  8208 | D:1      | Gained mutation: You are partially covered in iridescent
                  | scales. (AC +2) [Xom's grace]
  8208 | D:1      | Gained mutation: Your spells are a little harder to cast,
                  | but a little more powerful. [Xom's grace]
  8208 | D:1      | Gained mutation: You passively map a small area around you.
                  | [Xom's grace]
  8208 | D:1      | Gained mutation: You possess an exceptional clarity of
                  | mind. [Xom's grace]
  8268 | D:2      | Reached XP level 4. HP: 35/35 MP: 0/0
  8298 | D:2      | XOM: silly message
  8389 | D:2      | Noticed Natasha
  8398 | D:2      | Killed Natasha
  8399 | D:2      | Reached XP level 5. HP: 33/40 MP: 0/0
  8399 | D:2      | Learned a level 2 spell: Jinxbite
  8487 | D:2      | Reached skill level 1 in Evocations
  8578 | D:2      | Noticed Natasha
  8590 | D:2      | Killed Natasha
  8643 | D:2      | Noticed Natasha
  8656 | D:2      | Killed Natasha
  8762 | D:2      | Identified 3 scrolls of acquirement
  8762 | D:2      | Acquired a +0 heavy double sword
  8765 | D:2      | Acquired the +2 buckler "Damnable Contraption" {Int+2
                  | Slay+3}
  8772 | D:2      | Acquired the +0 pair of fencer's gloves {Riposte Dex+3}
  8772 | D:2      | Found the +0 pair of fencer's gloves {Riposte Dex+3}
  8916 | D:3      | Found Roamne's Jewellery Boutique.
  9037 | D:3      | Reached XP level 6. HP: 46/46 MP: 0/0
  9141 | D:3      | XOM: 2-stop teleportation journey
  9417 | D:4      | XOM: butterfly on damage
  9455 | D:4      | Reached skill level 1 in Shields
  9455 | D:4      | Reached XP level 7. HP: 51/51 MP: 0/0
  9455 | D:4      | Learned a level 2 spell: Momentum Strike
  9498 | D:4      | XOM: chaos upgrade
  9715 | D:4      | Found a staircase to the Ecumenical Temple.
  9855 | D:4      | XOM: cleaving
  9901 | D:4      | XOM: cast spell 'Animate Armour'
  9905 | D:4      | Reached XP level 8. HP: 15/58 MP: 0/0
 10108 | D:4      | Found a shimmering altar of Xom.
 10333 | D:5      | Entered Level 5 of the Dungeon
 10581 | D:5      | XOM: 3-stop teleportation journey
 10904 | D:5      | XOM: god gift: 625 gold pieces
 10977 | D:6      | a jelly changed into a glowing shapeshifter
 10977 | D:6      | Noticed a glowing shapeshifter (glowing shapeshifter)
 10977 | D:6      | XOM: polymorph jelly -> glowing shapeshifter
 10977 | D:6      | a glowing shapeshifter changed into a jelly
 11079 | D:6      | Found a runed translucent door.
 11088 | D:6      | Reached XP level 9. HP: 46/63 MP: 0/0
 11088 | D:6      | Learned a level 4 spell: Dispel Undead
 11105 | D:6      | Noticed Bravepunisher's ghost (weakling SpMo)
 11249 | D:6      | Reached skill level 5 in Evocations
 11833 | D:6      | XOM: scenery: summon butterflies
 11910 | D:6      | XOM: scenery: summon butterflies
 11937 | D:6      | XOM: cast spell 'Summon Mana Viper'
 11938 | D:6      | Reached skill level 5 in Fighting
 12136 | D:7      | Reached skill level 5 in Dodging
 12309 | D:7      | Found a blossoming altar of Fedhas.
 12341 | D:7      | XOM: divination: detect creatures
 12402 | D:7      | XOM: silly message
 12685 | D:7      | Reached XP level 10. HP: 70/70 MP: 0/0
 12754 | D:7      | XOM: summons 2 hostile shadow creatures
 12793 | D:7      | XOM: summons friendly crimson imp
 13129 | D:7      | XOM: cast spell 'Cause Fear'
 13137 | D:7      | Reached skill level 5 in Spellcasting
 13137 | D:7      | Reached skill level 5 in Conjurations
 13137 | D:7      | Reached skill level 5 in Hexes
 13137 | D:7      | Reached skill level 5 in Summonings
 13137 | D:7      | Reached skill level 5 in Necromancy
 13137 | D:7      | Reached skill level 5 in Translocations
 13137 | D:7      | Reached skill level 5 in Fire Magic
 13137 | D:7      | Reached skill level 5 in Ice Magic
 13137 | D:7      | Reached skill level 5 in Air Magic
 13137 | D:7      | Reached skill level 5 in Earth Magic
 13137 | D:7      | Reached skill level 5 in Alchemy
 13182 | D:8      | XOM: polymorph ice beast -> rat
 13182 | D:8      | Noticed a rime drake
 13185 | D:8      | XOM: enchant monster (good)
 13188 | D:8      | Reached skill level 5 in Long Blades
 13188 | D:8      | XOM: fog
 13212 | D:8      | You are sucked into a shaft and drop 2 floors!
 13212 | D:10     | Entered Level 10 of the Dungeon
 13226 | D:9      | XOM: enchant monster (good)
 13274 | D:8      | XOM: 4-stop teleportation journey
 13285 | D:8      | Found a staircase to the Lair.
 13289 | D:8      | Killed a rime drake
 13290 | D:8      | Reached skill level 5 in Armour
 13374 | D:8      | Reached XP level 11. HP: 76/76 MP: 0/0
 13374 | D:8      | Learned a level 5 spell: Arcjolt
 13411 | D:8      | XOM: enchant monster (bad)
 13495 | D:8      | XOM: enchant monster (bad)
 13578 | D:8      | Noticed a two-headed ogre
 13588 | D:8      | Reached skill level 5 in Shields
 13599 | D:8      | Killed a two-headed ogre
 13710 | D:8      | Noticed a two-headed ogre
 13718 | D:8      | Killed a two-headed ogre
 13816 | D:9      | Noticed a two-headed ogre
 13818 | D:9      | XOM: summons 4 friendly demons
 13824 | D:9      | Killed a two-headed ogre
 13998 | D:9      | XOM: give mutations
 13998 | D:9      | Lost mutation: Your spells are a little harder to cast, but
                  | a little more powerful. [Xom's mischief]
 13998 | D:9      | Gained mutation: You are weak. (Str -2) [Xom's mischief]
 14031 | D:9      | XOM: summons 4 hostile demons
 14150 | D:9      | XOM: chaos upgrade
 14193 | D:9      | XOM: cast spell 'Olgreb's Toxic Radiance'
 14194 | D:9      | XOM: cleaving
 14251 | D:9      | XOM: summons 5 hostile demons
 14296 | D:9      | Found a sacrificial altar of Ru.
 14466 | D:9      | Reached XP level 12. HP: 85/85 MP: 0/0
 14581 | D:10     | XOM: cast spell 'Fugue of the Fallen'
 14707 | D:10     | Noticed Lodul
 14742 | D:10     | Killed Lodul
 14993 | D:10     | Noticed Erolcha
 14995 | D:10     | Erolcha changed into Erolcha the merfolk
 14995 | D:10     | Noticed Erolcha
 14995 | D:10     | XOM: polymorph Erolcha -> Erolcha the merfolk
 14997 | D:10     | Killed Erolcha the merfolk
 15015 | D:10     | Found a broken altar of Ashenzari.
 15043 | D:10     | XOM: give mutation
 15043 | D:10     | Gained mutation: You are agile. (Dex +4, Str/Int -1) [Xom's
                  | grace]
 15194 | Lair:1   | Entered Level 1 of the Lair of Beasts
 15425 | Lair:1   | XOM: scenery: create altars
 15453 | Lair:1   | Noticed Gastronok
 15464 | Lair:1   | Killed Gastronok
 15620 | Lair:1   | XOM: scenery: summon butterflies
 15711 | Lair:1   | XOM: give mutations
 15711 | Lair:1   | Gained mutation: You are mostly covered in iridescent
                  | scales. (AC +4) [Xom's grace]
 15711 | Lair:1   | Gained mutation: You are completely covered in iridescent
                  | scales. (AC +6) [Xom's grace]
 15722 | Lair:1   | Noticed Fannar
 15817 | Lair:2   | XOM: fog
 15857 | Lair:2   | XOM: divination: magic mapping
 15861 | Lair:2   | XOM: polymorph basilisk -> hound
 15862 | Lair:2   | XOM: stat loss: -1 Dex (23/24)
 15895 | Lair:2   | Found a large runed translucent door.
 15896 | Lair:2   | Found a large runed translucent door.
 15898 | Lair:2   | Noticed cordlesssteve's ghost (journeyman MiBe)
 16019 | Lair:2   | XOM: destruction
 16023 | Lair:2   | XOM: enchant monster (good)
 16025 | Lair:2   | XOM: potion effect (brilliance)
 16055 | Lair:2   | Reached XP level 13. HP: 70/92 MP: 0/0
 16055 | Lair:2   | Learned a level 5 spell: Alistair's Intoxication
 16195 | Lair:2   | XOM: 5-stop teleportation journey
 16225 | Lair:2   | XOM: smoke on damage
 16516 | Lair:2   | Found a hole to the Spider Nest.
 16523 | Lair:2   | XOM: enchant monster (bad)
 16839 | Lair:2   | HP: 3/93 [death yak (11)]
 17042 | Lair:3   | Found a staircase to the Shoals.
 17066 | Lair:3   | XOM: confuse monster(s)
 17214 | Lair:3   | XOM: divination: detect creatures
 17241 | Lair:3   | Noticed Urug
 17248 | Lair:3   | XOM: noise
 17250 | Lair:3   | Killed Urug
 17466 | Lair:3   | XOM: summons 2 friendly demons
 17470 | Lair:3   | XOM: enchant monster (good)
 17824 | Lair:3   | Identified the ring "Bymmil" {rN+++ MP+9}
 17845 | Lair:3   | XOM: god gift: 54 gold pieces
 17965 | Lair:4   | Identified the +2 falchion of Mekhoz {flame, Int+3}
 17994 | Lair:4   | Reached skill level 10 in Spellcasting
 17994 | Lair:4   | Reached skill level 10 in Conjurations
 17994 | Lair:4   | Reached skill level 10 in Hexes
 17994 | Lair:4   | Reached skill level 10 in Summonings
 17994 | Lair:4   | Reached skill level 10 in Necromancy
 17994 | Lair:4   | Reached skill level 10 in Translocations
 17994 | Lair:4   | Reached skill level 10 in Fire Magic
 17994 | Lair:4   | Reached skill level 10 in Ice Magic
 17994 | Lair:4   | Reached skill level 10 in Air Magic
 17994 | Lair:4   | Reached skill level 10 in Earth Magic
 17994 | Lair:4   | Reached skill level 10 in Alchemy
 18057 | Lair:4   | Reached XP level 14. HP: 101/101 MP: 0/0
 18103 | Lair:4   | Noticed Rupert
 18119 | Lair:4   | XOM: potion effect (invisibility)
 18119 | Lair:4   | Paralysed by Rupert for 2 turns
 18124 | Lair:4   | Killed Rupert
 18273 | Lair:4   | Reached skill level 10 in Dodging
 18544 | Lair:4   | XOM: confuse monster(s)
 18581 | Lair:4   | XOM: potion effect (curing)
 18591 | Lair:4   | XOM: divination: detect creatures
 18690 | Lair:4   | Noticed Josephine
 18694 | Lair:4   | XOM: confuse monster(s)
 18700 | Lair:4   | Killed Josephine
 18700 | Lair:4   | XOM: swap monsters
 18704 | Lair:4   | Reached skill level 10 in Fighting
 18705 | Lair:4   | XOM: summons friendly ufetubus
 18706 | Lair:4   | XOM: scenery: create altars
 18759 | Lair:4   | XOM: cast spell 'Cause Fear'
 18874 | Lair:4   | XOM: give mutations
 18874 | Lair:4   | Gained mutation: You are somewhat resistant to further
                  | mutation. [Xom's grace]
 18874 | Lair:4   | Gained mutation: You have a pair of antennae on your head.
                  | [Xom's grace]
 18874 | Lair:4   | Gained mutation: Your flesh is almost immune to the effects
                  | of heat. (rF+++) [Xom's grace]
 18874 | Lair:4   | Gained mutation: You expend health (3 HP) to strengthen
                  | your wands. [Xom's grace]
 18980 | Lair:4   | XOM: 1-stop teleportation journey
 19054 | Lair:5   | Entered Level 5 of the Lair of Beasts
 19081 | Lair:5   | XOM: repel stairs
 19092 | Lair:5   | XOM: destruction
 19117 | Lair:5   | XOM: give mutation
 19117 | Lair:5   | Lost mutation: You are weak. (Str -2) [Xom's grace]
 19154 | Lair:5   | XOM: enchant monster (good)
 19162 | Lair:5   | Reached XP level 15. HP: 83/107 MP: 0/0
 19162 | Lair:5   | Learned a level 6 spell: Plasma Beam
 19237 | Lair:5   | XOM: enchant monster (good)
 19259 | Lair:5   | XOM: cast spell 'Summon Horrible Things'
 19291 | Lair:5   | XOM: smoke on damage
 19335 | Lair:5   | Found a staircase to the Slime Pits.
 19342 | Lair:5   | XOM: summons 3 friendly demons
 19393 | Lair:5   | Reached skill level 10 in Shields
 19567 | Lair:5   | XOM: silly message
 19651 | Lair:5   | XOM: swap monsters
 19668 | Lair:5   | XOM: enchant monster (bad)
 19943 | Lair:5   | XOM: divination: detect creatures
 20149 | D:11     | Found a roughly hewn altar of Beogh.
 20149 | D:11     | Found a staircase to the Orcish Mines.
 20150 | D:11     | XOM: 2-stop teleportation journey
 20152 | D:11     | Reached skill level 10 in Long Blades
 20277 | D:11     | Found a gate leading to a gauntlet.
 20286 | Gauntlet | Entered a Gauntlet
 20286 | Gauntlet | Found a transporter.
 20286 | Gauntlet | Found a transporter.
 20290 | Gauntlet | Found a transporter.
 20292 | Gauntlet | Found a transporter.
 20300 | Gauntlet | Found a transporter.
 20305 | Gauntlet | Found a transporter.
 20307 | Gauntlet | Found a transporter.
 20310 | Gauntlet | Found a transporter.
 20315 | Gauntlet | Found a transporter.
 20345 | Gauntlet | Found a transporter.
 20363 | Gauntlet | Found a transporter.
 20375 | Gauntlet | Found a transporter.
 20408 | Gauntlet | Found a transporter.
 20422 | Gauntlet | Found a transporter.
 20522 | Gauntlet | Found a transporter.
 20538 | Gauntlet | Found a transporter.
 20665 | Gauntlet | XOM: summons friendly white imp
 21108 | D:11     | XOM: summons 8 hostile demons
 21225 | D:11     | Acquired a manual of Shields
 21270 | Orc:1    | Entered Level 1 of the Orcish Mines
 21272 | Orc:1    | Noticed Snorg
 21291 | Orc:1    | Killed Snorg
 21362 | Orc:1    | Found a frozen archway.
 21369 | IceCv    | Entered an ice cave
 21375 | IceCv    | XOM: smoke on damage
 21656 | Orc:1    | XOM: stat loss: -1 Str (9/10)
 21690 | Orc:2    | Entered Level 2 of the Orcish Mines
 21727 | Orc:1    | Found a roughly hewn altar of Beogh.
 21905 | Orc:1    | Found a one-way gate to the infinite horrors of the Abyss.
 21905 | Orc:1    | Noticed boberto's ghost (journeyman MDFi)
 21915 | Orc:1    | Found a transporter.
 21920 | Orc:1    | XOM: give mutations
 21920 | Orc:1    | Lost mutation: Your flesh is almost immune to the effects
                  | of heat. (rF+++) [Xom's mischief]
 21920 | Orc:1    | Lost mutation: You passively map a small area around you.
                  | [Xom's mischief]
 21920 | Orc:1    | Lost mutation: You are somewhat resistant to further
                  | mutation. [Xom's mischief]
 21931 | Orc:1    | Found a transporter.
 21938 | Orc:1    | Reached XP level 16. HP: 116/116 MP: 0/0
 22259 | Orc:2    | XOM: cloud trail
 22375 | Orc:2    | XOM: confuse monster(s)
 22402 | Orc:2    | XOM: potion effect (brilliance)
 22479 | Orc:2    | Found Qiphiaso's Jewellery Boutique.
 22479 | Orc:2    | Found Peerixzy's General Store.
 22479 | Orc:2    | Found Yppot's Weapon Emporium.
 22479 | Orc:2    | Found Tiaraumo's Jewellery Boutique.
 22496 | Orc:2    | XOM: cast spell 'Summon Cactus Giant'
 22579 | Orc:2    | XOM: cast spell 'Olgreb's Toxic Radiance'
 22598 | Orc:2    | XOM: 3-stop teleportation journey
 22642 | Orc:2    | Bought a potion of curing for 42 gold pieces
 22642 | Orc:2    | Bought a potion of berserk rage for 70 gold pieces
 22745 | Orc:2    | XOM: 2-stop teleportation journey
 22819 | Orc:2    | Found a staircase to the Elven Halls.
 22953 | Orc:2    | XOM: summons 7 hostile demons
 23194 | D:12     | XOM: draining
 23868 | D:13     | XOM: god gift: 5 stones
 23967 | D:13     | XOM: 1-stop teleportation journey
 24008 | D:13     | XOM: 2-stop teleportation journey
 24052 | D:13     | XOM is BORED!
 24071 | D:13     | Found a gate to the Vaults.
 24376 | D:13     | XOM: 1-stop teleportation journey
 25104 | D:14     | XOM: 8-stop teleportation journey
 25168 | D:14     | Found a runed translucent gate.
 25168 | D:14     | Found a runed translucent gate.
 25168 | D:14     | Found a runed translucent gate.
 25168 | D:14     | Noticed Ywummuh's ghost (journeyman HOFi)
 25171 | D:14     | Found a basalt altar of Yredelemnul.
 25199 | D:14     | XOM: divination: magic mapping
 25209 | D:14     | XOM: summons friendly iron imp
 25373 | D:14     | XOM: silly message
 25385 | D:14     | XOM: silly message
 25440 | D:14     | XOM: enchant monster (bad)
 25548 | D:15     | Entered Level 15 of the Dungeon
 25553 | D:15     | XOM: potion effect (brilliance)
 25561 | D:15     | XOM: enchant monster (good)
 25633 | D:15     | XOM: potion effect (curing)
 25643 | D:14     | Upgraded the game from 0.32-a0-350-g4f4d228785 to
                  | 0.32-a0-361-g289a535e89
 25750 | D:15     | Reached XP level 17. HP: 113/123 MP: 0/0
 25750 | D:15     | Learned a level 7 spell: Spellforged Servitor
 25852 | D:15     | Found a hazy altar of Hepliaklqana.
 25853 | D:15     | Found a basalt altar of Yredelemnul.
 25860 | D:15     | XOM: divination: detect creatures
 25948 | D:15     | Found a staircase to the Depths.
 26008 | D:15     | Found a shimmering altar of Xom.
 26076 | D:15     | XOM: blink monster(s)
 26134 | D:15     | XOM: noise
 26139 | D:15     | XOM: noise
 26171 | D:15     | XOM: 2-stop teleportation journey
 26403 | D:15     | Identified the +0 helmet of Insurance {^Contam rC+ Int+3
                  | Stlth+}
 26417 | D:15     | Noticed a sphinx
 26424 | D:15     | Killed a sphinx
 26604 | D:15     | XOM: silly message
 26668 | D:15     | Identified the ring of Cynicism {Fly rPois rCorr}
 26727 | D:15     | Identified the +7 morningstar of Zopuec Ifei {elec, rN+}
 26922 | D:15     | XOM: enchant monster (bad)
 27173 | Lair:1   | Identified the ring of Cumanuet {AC+4 Str+6 Int+3 Stlth+}
 27499 | Lair:1   | XOM: noise
 27506 | Lair:1   | Killed Fannar
 27584 | Lair:2   | Killed cordlesssteve's ghost
 27631 | Spider:1 | Entered Level 1 of the Spider Nest
 27667 | Spider:1 | Reached XP level 18. HP: 123/131 MP: 0/0
 27726 | Spider:1 | XOM: fog
 28141 | Spider:1 | XOM is BORED!
 28710 | Spider:1 | XOM: 1-stop teleportation journey
 28759 | Spider:1 | XOM: god gift: wand of flame (5)
 29324 | Spider:2 | XOM: polymorph orb spider -> black bear
 29587 | Spider:2 | XOM: give mutations
 29587 | Spider:2 | Gained mutation: You have sharp fingernails. [Xom's
                  | mischief]
 29587 | Spider:2 | Lost mutation: You are completely covered in iridescent
                  | scales. (AC +6) [Xom's mischief]
 29737 | Spider:3 | XOM: give mutations
 29737 | Spider:3 | Gained mutation: Your mind is acute. (Int +4, Str/Dex -1)
                  | [Xom's mischief]
 29737 | Spider:3 | Gained mutation: You are very agile. (Dex +8, Str/Int -2)
                  | [Xom's mischief]
 29737 | Spider:3 | Lost mutation: Your mind is acute. (Int +4, Str/Dex -1)
                  | [Xom's mischief]
 29740 | Spider:3 | XOM: blink monster(s)
 29761 | Spider:3 | XOM: smoke on damage
 29853 | Spider:3 | XOM: summons 3 hostile demons
 29856 | Spider:2 | XOM: summons 3 hostile shadow creatures
 30225 | Spider:3 | XOM: polymorph emperor scorpion -> catoblepas
 30261 | Spider:3 | XOM: polymorph orb spider -> fire dragon
 30647 | Spider:4 | Entered Level 4 of the Spider Nest
 30654 | Spider:4 | XOM: swap monsters
 30661 | Spider:4 | XOM: 1-stop teleportation journey
 30675 | Spider:4 | Reached skill level 15 in Spellcasting
 30675 | Spider:4 | Reached skill level 15 in Conjurations
 30675 | Spider:4 | Reached skill level 15 in Hexes
 30675 | Spider:4 | Reached skill level 15 in Summonings
 30675 | Spider:4 | Reached skill level 15 in Necromancy
 30675 | Spider:4 | Reached skill level 15 in Translocations
 30675 | Spider:4 | Reached skill level 15 in Fire Magic
 30675 | Spider:4 | Reached skill level 15 in Ice Magic
 30675 | Spider:4 | Reached skill level 15 in Air Magic
 30675 | Spider:4 | Reached skill level 15 in Earth Magic
 30675 | Spider:4 | Reached skill level 15 in Alchemy
 30677 | Spider:4 | Reached skill level 15 in Shields
 30678 | Spider:4 | XOM: torment (15/133 hp)
 30679 | Spider:4 | Reached XP level 19. HP: 16/139 MP: 0/0
 30679 | Spider:4 | Learned a level 6 spell: Eringya's Noxious Bog
 30706 | Spider:4 | XOM: blink monster(s)
 30708 | Spider:4 | XOM: summons friendly iron imp
 30711 | Spider:4 | XOM: noise
 30714 | Spider:4 | Blown up by an orb spider

Illustrated notes

Levels and vault maps discovered:
D:1:      matt_arrival_grand_opening, layout_basic
D:2:      layout_rooms, uniq_natasha
D:3:      layout_basic, serial_shops, shop
D:4:      minmay_chambers_of_fours, layout_loops_ring, lemuel_round_altar,
          minmay_temple_entry_water_ring, st_stairs_10
D:5:      layout_loops_cross, minmay_misc_feat_four_crosses,
          minmay_misc_feat_more_columns
D:6:      minmay_thinvault, layout_loops_corners, ebering_ghost_inner_flame,
          kennysheep_potato
D:7:      nicolae_cairo_tiling_large, layout_cave_pods,
          fedhas_altar_decomposition, kennysheep_another_room
D:8:      layout_rooms, hellmonk_lair_entry_icy, grunt_tough_drop
D:9:      layout_basic, mainiacjoe_overflow_paths, serial_corexii_hall,
          corexii_hall_statues_t, chequers_hall_statues_y
D:10:     layout_rooms, kennysheep_little_box, kennysheep_boxes, uniq_erolcha,
          uniq_lodul
D:11:     layout_roguey, david_orc_5, gauntlet_entry_generic
D:12:     layout_stronghold
D:13:     layout_long_grid, erik_vaults_1
D:14:     minmay_bubble_buster, layout_loops_ring, grunt_decor_fettered,
          hangedman_decor_opposing, grunt_decor_arrowhead,
          nicolae_yredelemnul_ghost_church
D:15:     hangedman_slaughterboxes
Lair:1:   layout_long_grid, minmay_lair_oklob_items,
          dreamdust_mushroom_princess, uniq_gastronok, uniq_fannar
Lair:2:   layout_regular_city, hellmonk_spider_entry_life_and_decay,
          ebering_ghost_disaster_area
Lair:3:   minmay_lair_oklob_chamber, layout_loops_ring,
          elwin_shoals_entry_rocks, pond, uniq_urug
Lair:4:   slaughterhouse, layout_long_grid, serial_bayou_shore_a,
          uniq_josephine, uniq_rupert
Lair:5:   minmay_lair_end_frog_pond, layout_concentric_octagons, slime_entry_1,
          minivault_26, dreamdust_wasp_nest
Spider:1: layout_spider_delve, drop_trap
Spider:2: layout_spider_delve
Spider:3: layout_cave_pods
Spider:4: guppyfry_spider_rune
Orc:1:    layout_diamond_mine, portal_ice_cave_entry_imps,
          gammafunk_ghost_abyssal_escape, mines2_david, uniq_snorg
Orc:2:    st_orc_ogre_mass, layout_diamond_mine

Skill      XL: |  1  2  3  4  5  6  7  8  9 10 11 12 13 14 15 16 17 18 |
---------------+-------------------------------------------------------+-----
Spellcasting   | 1 2 3 4 5 7 8 10 11 12 13 14 15 | 15.1
Conjurations   | 1 2 3 4 5 7 8 10 11 12 13 14 15 | 15.1
Hexes          | 1 2 3 4 5 7 8 10 11 12 13 14 15 | 15.1
Summonings     | 1 2 3 4 5 7 8 10 11 12 13 14 15 | 15.1
Necromancy     | 1 2 3 4 5 7 8 10 11 12 13 14 15 | 15.1
Translocations | 1 2 3 4 5 7 8 10 11 12 13 14 15 | 15.1
Fire Magic     | 1 2 3 4 5 7 8 10 11 12 13 14 15 | 15.1
Ice Magic      | 1 2 3 4 5 7 8 10 11 12 13 14 15 | 15.1
Air Magic      | 1 2 3 4 5 7 8 10 11 12 13 14 15 | 15.1
Earth Magic    | 1 2 3 4 5 7 8 10 11 12 13 14 15 | 15.1
Alchemy        | 1 2 3 4 5 7 8 10 11 12 13 14 15 | 15.1
Long Blades    | 3 4 5 6 7 8 9 10 11 12 | 12.4
Evocations     | 1 2 3 4 5 7 |  7.0
Armour         | 2 3 4 5 |  5.0
Dodging        | 3 4 5 6 7 8 9 10 11 12 13 14 | 14.4
Shields        | 1 2 3 4 6 7 8 9 10 12 13 15 | 15.1
Fighting       | 4 5 6 7 8 9 10 11 12 13 | 13.5

Action                     |  1- 3 |  4- 6 |  7- 9 | 10-12 | 13-15 | 16-18 | 19-21 || total
---------------------------+-------+-------+-------+-------+-------+-------+-------++-------
  Melee: Falchion          |    64 |    89 |       |       |       |       |       ||   153
         Double sword      |       |    38 |   147 |   272 |   541 |   699 |    13 ||  1710
   Cast: Jinxbite          |       |       |     4 |     1 |       |       |       ||     5
         Momentum Strike   |       |       |     1 |       |       |       |       ||     1
         Shock             |       |       |       |     2 |       |       |       ||     2
         Alistair's Intoxi |       |       |       |       |     1 |     2 |       ||     3
         Plasma Beam       |       |       |       |       |    21 |    56 |       ||    77
         Arcjolt           |       |       |       |       |       |     3 |       ||     3
         Spellforged Servi |       |       |       |       |       |     2 |       ||     2
  Evoke: Wand              |       |       |       |     1 |       |     1 |     3 ||     5
         Tin of tremorston |       |       |       |       |       |     1 |       ||     1
    Use: Scroll            |       |     5 |    10 |     3 |     8 |     8 |     3 ||    37
         Potion            |       |       |       |     1 |       |     2 |     3 ||     6
   Stab: Sleeping          |       |     1 |     4 |     1 |     4 |     7 |       ||    17
         Distracted        |       |       |       |     1 |     1 |     1 |       ||     3
         Paralysed         |       |       |       |       |     2 |       |       ||     2
         Confused          |       |       |       |       |     2 |     1 |       ||     3
         Invisible         |       |       |       |       |     2 |       |       ||     2
         Petrified         |       |       |       |       |       |     3 |       ||     3
 Armour: Leather armour    |    51 |    87 |   108 |   221 |   313 |   471 |    16 ||  1267
  Dodge: Dodged            |    57 |   106 |   109 |   305 |   818 |  1065 |    25 ||  2485
  Block: Buckler           |       |    14 |    68 |   189 |   382 |   597 |    11 ||  1261
Riposte: Double sword      |       |    10 |    59 |   167 |   337 |   392 |    14 ||   979

Table legend: (Time is in decaauts)
 A = Elapsed time spent in this place.
 B = Non-inter-level travel time spent in this place.
 C = Inter-level travel time spent in this place.
 D = Time resting spent in this place.
 E = Time spent auto-exploring this place.
 F = Levels seen in this place.
 G = Mean time per level.
                   A        B        C        D        E       F      G
               +--------+--------+--------+--------+--------+-----+--------+
         Total |  31858 |  30699 |   1159 |   9061 |  15465 |  28 | 1137.8 |
       Dungeon |  20312 |  19684 |    628 |   8187 |   8482 |  15 | 1354.1 |
          Lair |   5787 |   5412 |    375 |    355 |   3575 |   5 | 1157.4 |
   Spider Nest |   3205 |   3150 |     55 |    352 |   2034 |   4 |  801.2 |
  Orcish Mines |   1732 |   1632 |    100 |     64 |   1026 |   2 |  866.0 |
      Ice Cave |    241 |    241 |      0 |     85 |     34 |   1 |  241.0 |
      Gauntlet |    578 |    578 |      0 |     18 |    314 |   1 |  578.0 |
               +--------+--------+--------+--------+--------+-----+--------+

Top non-repeatable levels by time:
     D:1: 8204 daAuts
    D:15: 1455 daAuts
Spider:1: 1440 daAuts
  Lair:2: 1360 daAuts
  Lair:4: 1349 daAuts
    D:14: 1256 daAuts
     D:6: 1224 daAuts
  Lair:1: 1131 daAuts
Spider:2: 1100 daAuts
     D:7: 1099 daAuts
  Lair:3: 1000 daAuts
     D:4: 997 daAuts
   Orc:2: 982 daAuts
     D:9: 951 daAuts
  Lair:5: 946 daAuts
